 Dungeon Crawl Stone Soup version 0.28-a0-823-gb444dcf96d (webtiles) character file.

Game seed: 2238843595936017929

38 benchwormer the Skirmisher (level 3, -2/33 HPs)
             Began as a Hill Orc Fighter on Nov 9, 2021.
             Slain by a quokka (4 damage)
             ... on level 2 of the Dungeon.
             The game lasted 00:02:03 (974 turns).

benchwormer the Skirmisher (Hill Orc Fighter)        Turns: 974, Time: 00:02:04

Health: -2/33      AC:  7    Str: 17 (18) XL:     3   Next: 43%
Magic:  3/3        EV:  9    Int:  7 (8)  God:
Gold:   54         SH:  4    Dex: 10 (11) Spells: 2/2 levels left

rFire   + . .      SeeInvis .   a - +0 war axe
rCold   + . .      Faith    .   c - +0 buckler
rNeg    . . .      Spirit   .   b - +0 scale mail
rPois   +          Reflect  .   (no helmet)
rElec   +          Harm     .   (no cloak)
rCorr   +          Rampage  .   (no gloves)
Will    .....                   (no boots)
Stlth   ..........              (no amulet)
HPRegen 0.11/turn               (no ring)
MPRegen 0.08/turn               (no ring)

@: mighty, lethally poisoned (-2 -> -4), resistant, flying
A: no striking features
a: no special abilities


You were on level 2 of the Dungeon.
You visited 1 branch of the dungeon, and saw 2 of its levels.

You collected 54 gold pieces.

Inventory:

Hand Weapons
 a - a +0 war axe (weapon)
Armour
 b - a +0 scale mail (worn)
 c - a +0 buckler (worn)
 i - a +0 chain mail
Scrolls
 h - a scroll of enchant armour
Potions
 d - a potion of might


   Skills:
 * Level 4.0 Fighting
 * Level 3.2 Axes
 * Level 3.7 Armour
 * Level 0.5 Dodging
 * Level 3.6 Shields


You had 2 spell levels left.
You didn't know any spells.
Your spell library contained the following spells:

 Spells                   Type           Power      Damage    Failure   Level
 Dazzling Flash           Conj/Hex       0%         N/A       99%         3
 Iskenderun's Mystic Bla  Conj/Tloc      0%         2d3       100%        4
 Starburst                Conj/Fire      0%         6d3       100%        6


Dungeon Overview and Level Annotations

Branches:
Dungeon (2/15)

Altars:


Message History

You completely miss the goblin. You closely miss the quokka.
You feel sick. The goblin closely misses you. You block the quokka's attack.
The goblin hits you but does no damage.
You are more poisoned.
The quokka closely misses you.
You feel very sick. The quokka barely misses you.
You feel very sick.
You closely miss the quokka.
You feel very sick. The quokka bites you.
The quokka bites you but does no damage.
You are too injured to fight recklessly!
You are too injured to fight recklessly!
It was a potion of resistance.
You feel protected.
You feel sick. The quokka bites you.
* * * LOW HITPOINT WARNING * * *
It was a potion of flight.
You feel very buoyant.
You fly up into the air.
You feel sick. The quokka bites you.
* * * LOW HITPOINT WARNING * * *
It was a potion of degeneration.
There was something very wrong with that liquid.
You feel weakened.
You feel dopey.
You feel clumsy.
* * * LOW HITPOINT WARNING * * *
You feel sick.
The quokka bites you but does no damage.
You feel very mighty all of a sudden.
* * * LOW HITPOINT WARNING * * *
You feel sick.
The quokka bites you but does no damage.
You are too injured to fight recklessly!
You are too injured to fight recklessly!
You are too injured to fight recklessly!
You are too injured to fight recklessly!
You miss the quokka.
* * * LOW HITPOINT WARNING * * *
You feel sick. The quokka bites you.
You die...

#. #. ### #. #.#
#. #.#.# #. #.
#.## #.#. #<####
####.#.r##
##...#
......ggr##
##.##.#
##.....##@###.##
# #.#.## ##.#.##
# ##.## ###


You could see 2 quokkas, a hobgoblin and a goblin.

Vanquished Creatures
  3 dart slugs (D:1)
  4 ball pythons (D:1)
  4 bats (D:1)
  3 endoplasms
  A giant cockroach (D:1)
  4 goblins (D:1)
  2 hobgoblins (D:1)
  2 quokkas (D:1)
  4 frilled lizards (D:1)
  A kobold (D:1)
  2 rats (D:1)
30 creatures vanquished.

Notes
Turn   | Place    | Note
-------+----------+-------------------------------------------
     0 | D:1      | benchwormer the Hill Orc Fighter began the quest for the
                  | Orb.
     0 | D:1      | Reached XP level 1. HP: 19/19 MP: 1/1
   143 | D:1      | Reached XP level 2. HP: 25/27 MP: 2/2
   339 | D:1      | Reached skill level 4 in Fighting
   486 | D:1      | Reached XP level 3. HP: 32/33 MP: 3/3
   974 | D:2      | Slain by a quokka

Illustrated notes

Levels and vault maps discovered:
D:1:      dpeg_arrival_rooms_with_view, layout_loops_ring
D:2:      layout_loops_ring, serial_shops, nicolae_shop_waterfront,
          basic_ecumenical_altar, uniq_robin

Skill      XL: |  1  2 |
---------------+-------+-----
Fighting       | 4 |  4.0
Axes           | 3 |  3.2
Armour         | |  3.7
Dodging        | |  0.5
Shields        | |  3.6

Action                   || total
-------------------------++-------
Melee: War axe           ||    86
  Use: Potion            ||     4
       Scroll            ||     2
Armor: Scale mail        ||    49
Dodge: Dodged            ||    57
Block: Buckler           ||    19

Table legend: (Time is in decaauts)
 A = Elapsed time spent in this place.
 B = Non-inter-level travel time spent in this place.
 C = Inter-level travel time spent in this place.
 D = Time resting spent in this place.
 E = Time spent auto-exploring this place.
 F = Levels seen in this place.
 G = Mean time per level.
                   A        B        C        D        E       F      G
               +--------+--------+--------+--------+--------+-----+--------+
         Total |   1004 |   1003 |      1 |      0 |    761 |   2 |  502.0 |
       Dungeon |   1004 |   1003 |      1 |      0 |    761 |   2 |  502.0 |
               +--------+--------+--------+--------+--------+-----+--------+

Top non-repeatable levels by time:
     D:1: 982 daAuts
     D:2: 22 daAuts
